 Dungeon Crawl Stone Soup version 0.22-a0-433-gd2a9cce0b5 (webtiles) character file.

86942 Ordine the Peltast (level 15, -18/88 HPs)
             Began as a Tengu Fighter on May 27, 2018.
             Was the Champion of Okawaru.
             Killed from afar by a frost giant (37 damage)
             ... with a bolt of cold
             ... on level 14 of the Dungeon.
             The game lasted 01:31:05 (23946 turns).

Ordine the Peltast (Tengu Fighter)                 Turns: 23946, Time: 01:31:05

Health: -18/88     AC: 22    Str: 30    XL:     15   Next: 88%
Magic:  0/23       EV: 18    Int: 11    God:    Okawaru [******]
Gold:   724        SH: 17    Dex: 21    Spells: 11/14 levels left

rFire    . . .     SeeInvis +   a - +3 long sword (freeze)
rCold    . . .     Gourm    +   c - +1 shield
rNeg     + . .     Faith    .   L - +8 chain mail of Valour {*Drain MR++ Regen+ rCorr}
rPois    .         Spirit   +   K - +1 hat of the Slightly Bent {rN+ rCorr Str+3}
rElec    .         Reflect  .   R - scarf {Spirit}
rCorr    +         Harm     .   i - +1 pair of gloves {Str+3}
MR       +++..                  (boots unavailable)
Stlth    ..........             U - amulet of Quajuwn {Gourm *Drain Str+5 Int-2 Dex+4}
HPRegen  0.64/turn              A - ring of see invisible
MPRegen  0.18/turn              s - +4 ring of dexterity

@: flying quickly and evasively, quick
A: beak, talons 3, able to fly 2
a: Stop Flying, Heroism, Finesse, Renounce Religion


You were on level 14 of the Dungeon.
You worshipped Okawaru.
Okawaru was exalted by your worship.
You were very full.

You visited 3 branches of the dungeon, and saw 21 of its levels.
You also visited: Volcano.

You collected 1545 gold pieces.
You spent 821 gold pieces at shops.

Inventory:

Hand Weapons
 a - a +3 long sword of freezing (weapon)
 b - a +0 demon blade of flaming
 V - a +2 long sword of holy wrath
Armour
 c - a +1 shield (worn)
 i - a +1 pair of gloves of strength (worn)
 u - a scarf of cloud immunity
 K - the +1 hat of the Slightly Bent (worn) {rN+ rCorr Str+3}
   (You bought it in a shop on level 10 of the Dungeon)

   It affects your strength (+3).
   It protects you from negative energy.
   It protects you from acid and corrosion.
 L - the +8 chain mail of Valour (worn) {*Drain MR++ Regen+ rCorr}
   (You bought it in a shop on level 10 of the Dungeon)

   It affects your resistance to hostile enchantments.
   It increases your rate of regeneration.
   It protects you from acid and corrosion.
   It causes draining when unequipped.
 R - a scarf of spirit shield (worn)
 T - a +1 cloak of invisibility
 W - a +0 cloak of poison resistance
Magical Staves
 S - an uncursed staff of energy
Jewellery
 m - an uncursed ring of magical power
 s - a +4 ring of dexterity (right hand)
 y - an uncursed ring of wizardry
 A - a ring of see invisible (left hand)
 C - an uncursed ring of protection from magic
 U - the amulet of Quajuwn (around neck) {Gourm *Drain Str+5 Int-2 Dex+4}
   (You found it on level 6 of the Lair of Beasts)

   [amulet of the gourmand]

   It allows you to eat raw meat even when not hungry.
   It affects your strength (+5).
   It affects your intelligence (-2).
   It affects your dexterity (+4).
   It causes draining when unequipped.
Wands
 B - a wand of flame (28)
 D - a wand of polymorph (8)
 E - a wand of disintegration (25)
 F - a wand of acid (13)
 H - a wand of digging (11)
Scrolls
 g - 3 scrolls of magic mapping
 h - 3 scrolls of enchant weapon
 n - 5 scrolls of enchant armour
 r - 7 scrolls of teleportation
 v - 5 scrolls of remove curse
 w - a scroll of immolation
 G - 4 scrolls of fear
 N - 2 scrolls of brand weapon
 O - 2 scrolls of fog
Potions
 d - a potion of mutation
 e - 6 potions of agility
 j - a potion of haste
 k - a potion of magic
 l - 3 potions of curing
 p - 3 potions of brilliance
 t - 2 potions of flight
 x - 2 potions of ambrosia
 z - 5 potions of lignification
 I - a potion of heal wounds
 M - a potion of berserk rage
 P - a potion of cancellation
Miscellaneous
 q - a phial of floods
 J - 2 sacks of spiders
Comestibles
 f - 35 rations
 o - 2 chunks of flesh


   Skills:
 + Level 7.9 Fighting
 - Level 14.0 Long Blades
 + Level 8.5 Armour
 + Level 7.8 Dodging
 - Level 15.0 Shields
 * Level 2.8 Charms
 * Level 3.8 Necromancy
 - Level 10.0 Invocations
 - Level 10.0 Evocations


You had 11 spell levels left.
You knew the following spells:

 Your Spells              Type           Power        Failure   Level  Hunger
a - Regeneration          Chrm/Necr      #.........   73%         3    ####...

Your spell library contained the following spells:

 Spells                   Type           Power        Failure   Level  Hunger
 Magic Dart               Conj           #...         82%         1    ##.....
 Fireball                 Conj/Fire      #.........   100%        5    ######.
 Conjure Flame            Conj/Fire      #.......     99%         3    ####...
 Freezing Cloud           Conj/Ice/Air   #.........   100%        6    #######
 Mephitic Cloud           Conj/Pois/Air  #.......     99%         3    ####...
 Ring of Flames           Chrm/Fire      #.........   100%        7    #######
 Summon Small Mammal      Summ           #...         82%         1    ##.....
 Iskenderun's Mystic Bla  Conj           #.......     100%        4    #####..
 Animate Dead             Necr           N/A          96%         4    #####..
 Pain                     Necr           #...         30%         1    ##.....
 Animate Skeleton         Necr           N/A          30%         1    ##.....
 Vampiric Draining        Necr           #.........   65%         3    ####...
 Summon Ice Beast         Ice/Summ       #.......     100%        4    #####..
 Call Imp                 Summ           #.......     91%         2    ###....
 Dragon Form              Tmut           #.........   100%        7    #######
 Sticks to Snakes         Tmut           #.......     91%         2    ###....
 Call Canine Familiar     Summ           #.......     99%         3    ####...
 Fulminant Prism          Conj/Hex       #.........   100%        4    #####..
 Dazzling Spray           Conj/Hex       #.....       99%         3    ####...
 Force Lance              Conj/Tloc      #.......     100%        4    #####..
 Searing Ray              Conj           #.....       91%         2    ###....
 Summon Lightning Spire   Summ/Air       #.......     100%        4    #####..
 Summon Guardian Golem    Hex/Summ       #.......     99%         3    ####...
 Poisonous Vapours        Pois/Air       #.....       91%         2    ###....


Dungeon Overview and Level Annotations

Branches:
Dungeon (14/15)            Temple (1/1) D:5            Lair (6/6) D:8
 Shoals (0/4) Lair:3       Spider (0/4) Lair:3        Slime (0/5) Lair:6
    Orc (0/2) D:10         Vaults (0/5) D:13

Altars:
Ashenzari
Cheibriados
Dithmenos
Elyvilon
Fedhas
Gozag
Hepliaklqana
Kikubaaqudgha
Makhleb
Nemelex Xobeh
Okawaru
Qazlal
Ru
Sif Muna
Trog
Uskayaw
Vehumet
Wu Jian
Xom
Yredelemnul
Zin
The Shining One
Jiyva

Shops:
D:10 [   D:14 =


Innate Abilities, Weirdness & Mutations

You have a beak for a mouth.
You have claws for feet.
You can fly continuously.


Message History

Your chain mail of Valour prevents you from hitting the efreet.
You claw the efreet! Your peck misses the efreet.
The efreet is almost dead.
The efreet misses you.
You barely miss the efreet. You claw the efreet, but do no damage.
The efreet is almost dead.
The frost giant hits you with a battleaxe of freezing!!
* * * LOW HITPOINT WARNING * * *
The frost giant freezes you.
* * * LOW HITPOINT WARNING * * *
Unknown command.
You hit the efreet. You freeze the efreet. Your kick misses the efreet.
The efreet is almost dead.
The efreet hits you but does no damage.
You hit the efreet. You freeze the efreet.
You kill the efreet!
Okawaru accepts your kill. The frost giant casts a spell at you.
The bolt of cold hits you!
You die...

.............................##..
...........................#..##.
..........................###..##
............#............##.##..#
...........###..........##...##..
............#..........##..#..##.
......................##..###..##
.....................##..##)##..#
...............)@...##D.##)..#..|
...............C.....##..##..##)#
......................##..##..###
....(..................##..##..#.
....(...................##..##...
...!.....................##..##.#
..........................##..###
...........................##..#.
...........................)##...


You could see a storm dragon and a frost giant.

Vanquished Creatures
  Rupert (Lair:4)
  Gastronok (Lair:2)
  A tengu reaver (D:14)
  A ghoul (D:13)
  A stone giant (D:10)
  2 entropy weavers (Lair:6)
  2 fire dragons
  3 catoblepae (Lair:6)
  6 hydras
  Erica (D:9)
  8 two-headed ogres
  A death knight (D:13)
  2 deep troll earth magi (D:10)
  6 death yaks (Lair:6)
  A queen ant (Lair:6)
  Sonja (D:14)
  Nergalle (D:10)
  6 skeletal warriors
  A glowing orange brain (D:10)
  2 unseen horrors
  A flayed ghost (D:10)
  A wizard (D:13)
  A deep troll (D:10)
  A lindwurm (Volcano)
  11 ugly things
  2 cyclopes
  4 deep elf magi
  3 manticores
  7 elephants
  A merfolk siren (Lair:3)
  3 black mambas
  Maurice (D:13)
  8 spiny frogs
  2 molten gargoyles (Volcano)
  A gargoyle (D:13)
  4 kobold demonologists
  3 rime drakes
  10 komodo dragons
  An efreet (D:14)
  A guardian mummy (D:13)
  5 trolls
  3 jumping spiders (Lair:3)
  A polar bear (Lair:6)
  A hornet (D:12)
  4 blink frogs (Lair:1)
  8 hippogriffs
  5 redbacks (Lair:3)
  Sigmund (D:4)
  3 shadows
  70 yaks
  2 wyverns
  2 wraiths
  8 fire bats (Volcano)
  2 hungry ghosts
  3 basilisks
  2 vampire mosquitoes (D:13)
  An acid dragon (D:12)
  A hell hound (Volcano)
  7 water moccasins
  8 soldier ants (Lair:6)
  Duvessa (D:4)
  5 orc warriors
  9 porcupines
  An ice beast (D:11)
  A hornet zombie (D:11)
  4 sky beasts
  2 black bears
  A necrophage (D:9)
  A phantom (D:13)
  8 ogres
  An eye of draining (D:12)
  7 centaurs
  6 crocodiles
  18 bullfrogs
  4 big kobolds
  Dowan (D:4)
  A wyvern skeleton (D:14)
  3 scorpions
  12 killer bees
  5 wights (D:9)
  An electric eel (D:13)
  3 howler monkeys
  7 crimson imps
  2 bullfrog zombies (D:13)
  8 lava snakes (Volcano)
  5 centaur zombies
  7 hounds
  13 orc priests
  6 jellies
  2 centaur skeletons
  21 orc wizards
  A bullfrog skeleton (D:11)
  3 iguanas
  30 worker ants
  A hound zombie (D:8)
  A mummy (D:13)
  4 gnolls (D:2)
  12 adders
  9 shadow imps
  6 oozes
  2 adder skeletons
  5 dart slugs
  6 leopard geckos
  54 orcs
  2 ball pythons
  10 bats
  4 giant cockroaches
  11 goblins
  8 hobgoblins
  11 jackals
  7 quokkas
  8 frilled lizards
  A jackal skeleton (D:6)
  A jackal zombie (D:9)
  19 kobolds
  2 leopard gecko skeletons (D:4)
  A quokka skeleton (D:4)
  A quokka zombie (D:9)
  12 rats
  2 fungi (D:1)
651 creatures vanquished.

Vanquished Creatures (collateral kills)
  A jackal (D:9)
1 creature vanquished.

Vanquished Creatures (others)
  2 fungi
  2 plants
4 creatures vanquished.

Grand Total: 656 creatures vanquished

Notes
Turn   | Place    | Note
-------+----------+-------------------------------------------
     0 | D:1      | Ordine the Tengu Fighter began the quest for the Orb.
     0 | D:1      | Reached XP level 1. HP: 14/14 MP: 2/2
   220 | D:1      | Reached XP level 2. HP: 19/19 MP: 3/3
   662 | D:1      | Reached XP level 3. HP: 22/23 MP: 4/4
  1448 | D:2      | Reached XP level 4. HP: 25/28 MP: 5/5
  1851 | D:2      | Gained mutation: You can fly. [Tengu growth]
  1851 | D:2      | Reached XP level 5. HP: 32/32 MP: 6/6
  1957 | D:2      | Reached skill level 4 in Shields
  2205 | D:2      | Found a burning altar of Makhleb.
  2205 | D:2      | Found a hazy altar of Hepliaklqana.
  2402 | D:3      | Reached skill level 5 in Long Blades
  2607 | D:3      | Found a shimmering altar of Xom.
  2691 | D:3      | Reached XP level 6. HP: 34/37 MP: 7/7
  3591 | D:4      | Reached skill level 5 in Shields
  3591 | D:4      | Reached XP level 7. HP: 11/41 MP: 8/8
  3846 | D:4      | Noticed Sigmund
  4069 | D:4      | Killed Sigmund
  4074 | D:4      | Noticed Duvessa
  4078 | D:4      | Noticed Dowan
  4079 | D:4      | Killed Duvessa
  4084 | D:4      | Killed Dowan
  4084 | D:4      | Reached XP level 8. HP: 43/46 MP: 9/9
  4618 | D:4      | Reached skill level 6 in Shields
  5344 | D:5      | Entered Level 5 of the Dungeon
  5631 | D:5      | Found a staircase to the Ecumenical Temple.
  5640 | Temple   | Entered the Ecumenical Temple
  5808 | Temple   | Became a worshipper of Warmaster Okawaru
  6603 | D:5      | Found a sparkling altar of Nemelex Xobeh.
  7031 | D:6      | Reached skill level 10 in Long Blades
  7099 | D:6      | Reached skill level 7 in Shields
  7102 | D:6      | Reached XP level 9. HP: 33/50 MP: 10/10
  7880 | D:7      | Got an ichor-stained ring mail
  8005 | D:7      | Identified the cursed +0 ring mail "Plog" {rC+++ Regen+ Int-4 Stlth+} (You found it on level 7 of the Dungeon)
  8359 | D:8      | Found a transporter.
  8533 | D:8      | Noticed a kobold demonologist
  8535 | D:8      | Noticed a kobold demonologist
  8543 | D:8      | Found a transporter.
  8643 | D:8      | Reached * piety under Okawaru
  8952 | D:8      | Found a staircase to the Lair.
  9173 | D:8      | Reached skill level 8 in Shields
  9425 | D:8      | Noticed a two-headed ogre
  9425 | D:8      | Noticed a two-headed ogre
  9436 | D:8      | Killed a two-headed ogre
  9436 | D:8      | Reached XP level 10. HP: 56/56 MP: 11/11
  9439 | D:8      | Killed a two-headed ogre
  9439 | D:8      | Reached ** piety under Okawaru
  9795 | D:9      | Reached skill level 9 in Shields
  9942 | D:9      | Reached *** piety under Okawaru
 11141 | D:9      | Reached **** piety under Okawaru
 11470 | D:9      | Found a sacrificial altar of Ru.
 11660 | D:9      | Found an ancient bone altar of Kikubaaqudgha.
 11683 | D:9      | Noticed Erica
 11691 | D:9      | Killed Erica
 11691 | D:9      | Reached skill level 1 in Dodging
 11691 | D:9      | Reached skill level 10 in Shields
 11691 | D:9      | Reached skill level 1 in Invocations
 11691 | D:9      | Reached XP level 11. HP: 56/58 MP: 9/12
 11914 | D:10     | Entered Level 10 of the Dungeon
 11985 | D:10     | Reached ***** piety under Okawaru
 12002 | D:10     | Noticed a two-headed ogre
 12258 | D:9      | Killed a two-headed ogre
 12288 | D:10     | Noticed a two-headed ogre
 12307 | D:10     | Killed a two-headed ogre
 12406 | D:10     | Received a gift from Okawaru
 12536 | D:10     | Noticed Nergalle
 12557 | D:10     | Killed Nergalle
 12589 | D:10     | Found a staircase to the Orcish Mines.
 12859 | D:10     | Found Keproaty's Antique Armour Shop.
 12867 | D:10     | Bought a dazzling hat for 279 gold pieces
 12867 | D:10     | Bought a jasper-studded chain mail for 294 gold pieces
 12872 | D:10     | Identified the +1 hat of the Slightly Bent {rN+ rCorr Str+3} (You bought it in a shop on level 10 of the Dungeon)
 12882 | D:10     | Identified the +8 chain mail of Valour {*Drain MR++ Regen+ rCorr} (You bought it in a shop on level 10 of the Dungeon)
 12972 | D:10     | Found a runed door.
 12972 | D:10     | Noticed a deep troll earth mage
 12972 | D:10     | Noticed a deep troll
 12972 | D:10     | Noticed a deep troll earth mage
 12974 | D:10     | Noticed a flayed ghost
 12974 | D:10     | Noticed a stone giant
 12974 | D:10     | Noticed a glowing orange brain
 12974 | D:10     | Noticed a deep elf mage
 12974 | D:10     | Noticed a fire dragon
 13174 | D:10     | Reached skill level 11 in Shields
 13413 | D:8      | Reached skill level 5 in Armour
 13566 | Lair:1   | Entered Level 1 of the Lair of Beasts
 13749 | Lair:1   | Reached skill level 5 in Fighting
 13753 | Lair:1   | Reached XP level 12. HP: 68/68 MP: 15/15
 14386 | Lair:2   | Received a gift from Okawaru
 14433 | Lair:2   | Found a dark tunnel.
 14441 | Volcano  | Entered a volcano
 14487 | Volcano  | Reached skill level 5 in Dodging
 14843 | Volcano  | Found a radiant altar of Vehumet.
 14853 | Volcano  | Reached skill level 12 in Shields
 15035 | Volcano  | Noticed a fire dragon
 15042 | Volcano  | Killed a fire dragon
 15042 | Volcano  | Reached skill level 5 in Invocations
 15178 | Lair:2   | Noticed a five-headed hydra
 15193 | Lair:2   | Killed a one-headed hydra
 15215 | Lair:2   | Reached ****** piety under Okawaru
 15228 | Lair:2   | Reached skill level 13 in Shields
 15324 | Lair:2   | Noticed Gastronok
 15340 | Lair:2   | Killed Gastronok
 15340 | Lair:2   | Received a gift from Okawaru
 15340 | Lair:2   | Reached XP level 13. HP: 57/74 MP: 17/18
 15345 | Lair:2   | Got an ichor-stained quarterstaff {god gift}
 15373 | Lair:2   | Identified the +4 quarterstaff of Somewhere Else {venom, +Fly} (Okawaru gifted it to you on level 2 of the Lair of Beasts)
 15884 | Lair:3   | Found a hole to the Spider Nest.
 15962 | Lair:3   | Found a staircase to the Shoals.
 15980 | Lair:3   | Reached skill level 14 in Shields
 15987 | Lair:3   | Got a faintly glowing flail
 15988 | Lair:3   | Identified the +10 flail of Paper {crush, +Fly rN+ MR+ Stlth-} (You found it on level 3 of the Lair of Beasts)
 17183 | Lair:4   | Received a gift from Okawaru
 17359 | Lair:4   | Noticed Rupert
 17385 | Lair:4   | Killed Rupert
 17592 | Lair:4   | Reached skill level 15 in Shields
 17922 | Lair:5   | Reached skill level 1 in Evocations
 18577 | Lair:6   | Entered Level 6 of the Lair of Beasts
 18599 | Lair:6   | Gained mutation: You can fly continuously. [Tengu growth]
 18599 | Lair:6   | Reached XP level 14. HP: 71/80 MP: 21/21
 18640 | Lair:6   | Got a pitted bone amulet
 18641 | Lair:6   | Identified the amulet of Quajuwn {Gourm *Drain Str+5 Int-2 Dex+4} (You found it on level 6 of the Lair of Beasts)
 18689 | Lair:6   | Noticed an entropy weaver
 18689 | Lair:6   | Noticed an entropy weaver
 18710 | Lair:6   | Killed an entropy weaver
 18788 | Lair:6   | Killed an entropy weaver
 18891 | Lair:6   | Found a staircase to the Slime Pits.
 18894 | Lair:6   | Found a viscous altar of Jiyva.
 19068 | Lair:6   | Received a gift from Okawaru
 19841 | Lair:6   | Received a gift from Okawaru
 20301 | D:10     | Killed a stone giant
 20321 | D:10     | Reached skill level 10 in Invocations
 20328 | D:10     | Identified Sif Muna's Reference Book on Igneous Transmigration
 20337 | D:10     | Got a polished chain mail
 20338 | D:10     | Identified the cursed +1 chain mail of Past Mistakes {rC+ rCorr} (You found it on level 10 of the Dungeon)
 20398 | D:10     | Learned a level 3 spell: Regeneration
 20443 | D:11     | Received a gift from Okawaru
 20525 | D:10     | Bought an embroidered scarf for 248 gold pieces
 20627 | D:11     | Reached skill level 5 in Evocations
 20721 | D:11     | Reached XP level 15. HP: 86/86 MP: 23/23
 20809 | D:11     | Identified a scroll of acquirement
 21885 | D:12     | Found a shimmering altar of Xom.
 22589 | D:13     | Found a gate to the Vaults.
 22669 | D:13     | Reached skill level 10 in Evocations
 22690 | D:13     | Noticed Maurice
 22720 | D:13     | Killed Maurice
 22720 | D:13     | Reached skill level 1 in Necromancy
 22789 | D:13     | Noticed a ghoul
 22806 | D:13     | Killed a ghoul
 22806 | D:13     | Reached skill level 1 in Charms
 23155 | D:14     | Noticed a tengu reaver
 23166 | D:14     | Noticed a frost giant
 23285 | D:14     | Received a gift from Okawaru
 23472 | D:14     | Found Serch's Jewellery Shoppe.
 23486 | D:14     | Noticed Sonja
 23505 | D:14     | Killed Sonja
 23734 | D:14     | Killed a tengu reaver
 23880 | D:14     | Noticed a storm dragon
 23946 | D:14     | Killed from afar by a frost giant

Vault maps used:
D:1:      shiori_arrival_maze, minmay_gold_behind_fungi
D:2:      gammafunk_temple_overflow_wave
D:3:      lemuel_crystal_altar
D:4:      serial_glass, glass_columns_a, glass_columns_b,
          kennysheep_generic_room_7, uniq_duvessa, uniq_sigmund
D:5:      lemuel_doored_altar, lemuel_temple_firewalk_a, first_ration,
          minmay_holes, st_stairs_8, roderic_serpentine_path
D:7:      skrybe_limestone_x
D:8:      gammafunk_wand_slinger, grunt_lair_entry_orc_guard_hut
D:9:      nicolae_ru_path_of_blood, basic_altar, hangedman_little_slice_of_home,
          nrook_uturn, uniq_erica
D:10:     minmay_gate_of_8, erik_orc_4, serial_shops, shop_fountains,
          lightli_fourway_metalbox, uniq_nergalle
D:11:     minmay_curly_fans
D:12:     basic_altar
D:13:     david_vaults_1, serial_undead, serial_undead_c, serial_undead_f,
          serial_undead_d, serial_undead_f, grunt_decor_cap, uniq_maurice
D:14:     serial_park_tiny_pond, serial_shops, shop_fountains,
          minmay_diamond_spiral, uniq_sonja
Temple:   minmay_crystal_spiral_temple
Lair:2:   lightli_volcano_entry_magma_tube, st_stairs_10, lemuel_fruit_fields,
          lemuel_fruit_tree, grunt_megastairs_1, uniq_gastronok
Lair:3:   minmay_shoals_entry_lonely_mermaid, nicolae_spider_entry_tight_spaces
Lair:4:   beast_lair_carwin_7, grunt_megastairs_5, uniq_rupert
Lair:5:   lemuel_fruit_fields
Lair:6:   evilmike_catoblepas_cave, slime_altar_1, minmay_another_anthill
Volcano:  volcano_lake

Skill      XL: |  1  2  3  4  5  6  7  8  9 10 11 12 13 14 15 |
---------------+----------------------------------------------+-----
Long Blades    | 3 4 5 6 8 10 12 14 | 14.0
Shields        | 4 5 7 8 10 11 13 15 | 15.0
Dodging        | 1 4 5 7 |  7.8
Invocations    | 1 3 6 8 10 | 10.0
Armour         | 5 6 8 |  8.5
Fighting       | 5 6 7 |  7.9
Evocations     | 1 5 10 | 10.0
Necromancy     | 3 |  3.8
Charms         | 2 |  2.8

Action                   |  1- 3 |  4- 6 |  7- 9 | 10-12 | 13-15 || total
-------------------------+-------+-------+-------+-------+-------++-------
Melee: Long sword        |    82 |   134 |   289 |   689 |  1308 ||  2502
       Kick              |    20 |    36 |   107 |   296 |   790 ||  1249
       Peck              |    14 |    20 |    65 |   196 |   493 ||   788
       Scimitar          |       |       |       |     5 |    15 ||    20
       Demon blade       |       |       |       |       |    10 ||    10
Invok: Heroism           |       |       |     1 |     8 |     4 ||    13
       Finesse           |       |       |       |     4 |     5 ||     9
 Abil: Fly               |       |       |     4 |    11 |     3 ||    18
  Use: Scroll            |     4 |     5 |    11 |     7 |    15 ||    42
       Potion            |       |     2 |     5 |     3 |     2 ||    12
 Stab: Petrified         |       |       |       |       |     2 ||     2
       Petrifying        |       |       |       |       |     1 ||     1
  Eat: Chunk             |     2 |     7 |    20 |    16 |    45 ||    90
       Ration            |       |       |       |     3 |     1 ||     4
Armor: Scale mail        |    28 |    38 |    72 |    59 |       ||   197
       Robe              |       |       |    11 |     5 |       ||    16
       Chain mail        |       |       |       |    80 |   222 ||   302
Dodge: Dodged            |    27 |    39 |    50 |   150 |   311 ||   577
Block: Shield            |    43 |    51 |   107 |   330 |   670 ||  1201
       Rpst.: Long sword |    10 |    16 |    17 |    47 |    83 ||   173
       Scimitar          |       |       |       |       |     1 ||     1

Table legend:
 A = Spawn XP
 B = Non-spawn XP
 C = Spawn XP percentage of total XP
 D = Spawn monster count
 E = Non-spawn monster count
 F = Spawn count percentage of total count
 G = Total turns spent on level
                    A         B        C        D         E        F      G
               +---------+---------+-------+---------+---------+-------+---------
         Total |       0 |  124203 |   0.0 |       0 |     650 |   0.0 | 23946
               +---------+---------+-------+---------+---------+-------+---------
           D:1 |       0 |      51 |   0.0 |       0 |      22 |   0.0 |  1382
           D:2 |       0 |     136 |   0.0 |       0 |      38 |   0.0 |   839
           D:3 |       0 |     222 |   0.0 |       0 |      27 |   0.0 |  1426
           D:4 |       0 |     987 |   0.0 |       0 |      35 |   0.0 |  1697
           D:5 |       0 |     586 |   0.0 |       0 |      19 |   0.0 |  1108
           D:6 |       0 |     480 |   0.0 |       0 |      12 |   0.0 |  1028
           D:7 |       0 |     136 |   0.0 |       0 |       7 |   0.0 |   570
           D:8 |       0 |    3979 |   0.0 |       0 |      36 |   0.0 |  1983
           D:9 |       0 |    5820 |   0.0 |       0 |      65 |   0.0 |  2274
          D:10 |       0 |   12256 |   0.0 |       0 |      49 |   0.0 |  1415
          D:11 |       0 |    8933 |   0.0 |       0 |      52 |   0.0 |  1179
          D:12 |       0 |    6633 |   0.0 |       0 |      30 |   0.0 |   708
          D:13 |       0 |   13819 |   0.0 |       0 |      37 |   0.0 |   824
          D:14 |       0 |   12144 |   0.0 |       0 |      32 |   0.0 |   739
        Lair:1 |       0 |    4441 |   0.0 |       0 |      18 |   0.0 |   803
        Lair:2 |       0 |    9666 |   0.0 |       0 |      28 |   0.0 |   879
        Lair:3 |       0 |    8242 |   0.0 |       0 |      26 |   0.0 |  1015
        Lair:4 |       0 |    6797 |   0.0 |       0 |      15 |   0.0 |   978
        Lair:5 |       0 |    2869 |   0.0 |       0 |      14 |   0.0 |   758
        Lair:6 |       0 |   21396 |   0.0 |       0 |      67 |   0.0 |  1475
       Volcano |       0 |    4610 |   0.0 |       0 |      21 |   0.0 |   684
               +---------+---------+-------+---------+---------+-------+---------
